 Seeded DCSS version 0.31-a0-836-g3ceb0a68c4 (webtiles) character file.

Game seed: 9861983752700614832 (custom seed)

66 GilGalad the Shield-Bearer (level 3, -4/33 HPs)
             Began as a Minotaur Fighter on Sept 27, 2023.
             Was an Initiate of Gozag.
             Slain by a gnoll
             ... wielding a +0 club
              (5 damage)
             ... on level 2 of the Dungeon.
             The game lasted 00:02:27 (1499 turns).

GilGalad the Shield-Bearer (Minotaur Fighter)       Turns: 1499, Time: 00:02:27

Health: -4/33      AC:  7    Str: 22    XL:     3   Next: 96%
Magic:  2/2        EV:  9    Int:  5    God:    Gozag
Gold:   167        SH:  4    Dex:  9    Spells: 2/2 levels left

rFire   . . .        a - +0 war axe
rCold   . . .        c - +0 buckler
rNeg    . . .        b - +0 scale mail
rPois   .            (helmet restricted)
rElec   .            (no cloak)
rCorr   .            (no gloves)
SInv    .            (no boots)
Will    .....        (no amulet) Stlth
                     (no ring)
HPRegen 0.25/turn    (no ring)
MPRegen 0.08/turn

%: no passive effects
@: mighty, gold aura
A: horns 2, retaliatory headbutt
a: Renounce Religion, Potion Petition, Call Merchant, Bribe Branch


You were on level 2 of the Dungeon.
You worshipped Gozag.
Gozag was aware of your devotion.
You visited 1 branch of the dungeon, and saw 3 of its levels.

You collected 187 gold pieces.
You paid 20 gold pieces to Gozag.

Inventory:

Hand Weapons
 a - a +0 war axe (weapon)
Armour
 b - a +0 scale mail (worn)
 c - a +0 buckler (worn)
Jewellery
 k - a ring of ice
Scrolls
 g - 2 scrolls of teleportation {unknown}
 h - a scroll of brand weapon {unknown}
 j - 2 scrolls of identify {unknown}
Potions
 d - a potion of might
 e - a potion of berserk rage {unknown}
 f - a potion of ambrosia {unknown}
 i - a potion of cancellation {unknown}
 l - a potion of curing {unknown}


   Skills:
 + Level 4.3 Fighting
 + Level 3.3 Axes
 + Level 4.2 Armour
 + Level 4.3 Shields


You had 2 spell levels left.
You didn't know any spells.
Your spell library contained the following spells:

 Spells                   Type           Power      Damage    Failure   Level
 Ozocubu's Armour         Ice            0%         N/A       99%         3
 Metabolic Englaciation   Hex/Ice        0%         N/A       100%        5
 Simulacrum               Ice/Necr       Unusable   N/A       N/A         6

Dungeon Overview and Level Annotations

Branches:
Dungeon (3/15)

Altars:
Gozag
Sif Muna

Shops:
D:1 [*:*!

Annotations:
D:1 2 transporters


Innate Abilities, Weirdness & Mutations

You have a pair of horns on your head.
You reflexively headbutt those who attack you in melee.


Message History

A gnoll is nearby!
A gnoll comes into view. It is wielding a +0 club.
A gnoll comes into view. It is wielding a +0 whip.
The gnoll shouts!
A goblin comes into view. It is wielding a +0 club.
You block the gnoll's attack. The gnoll attacks as it pursues you!
The gnoll misses you. The gnoll attacks as it pursues you!
The gnoll hits you with a +3 flail! The gnoll attacks as it pursues you!
You block the gnoll's attack. The gnoll attacks as it pursues you!
The gnoll hits you with a +3 flail.
There is an escape hatch in the ceiling here.
You hit the gnoll but do no damage. You hit the gnoll.
The gnoll hits you but does no damage. The gnoll barely misses you.
You furiously retaliate!
You headbutt the gnoll. The gnoll hits you with a +0 club.
The gnoll hits you with a +0 whip. You block the gnoll's attack.
A mysterious force pulls you upwards. The hatch slams shut behind you.
You slash the gnoll!
The gnoll is almost dead.
You barely miss the gnoll. You closely miss the gnoll.
The gnoll barely misses you. The gnoll hits you with a +0 whip.
The gnoll hits you with a +3 flail.
* * * LOW HITPOINT WARNING * * *
You closely miss the gnoll. You headbutt the gnoll.
You kill the gnoll!
You hit the gnoll. You barely miss the gnoll.
The gnoll hits you but does no damage. The gnoll hits you with a +0 whip.
* * * LOW HITPOINT WARNING * * *
The gnoll hits you but does no damage. You block the gnoll's attack.
Things that are here:
6 gold pieces; a +3 flail The gnoll attacks as it pursues you!
The gnoll hits you with a +0 club.
* * * LOW HITPOINT WARNING * * *
You feel very mighty all of a sudden. You block the gnoll's attack.
You slash the gnoll!
The gnoll is almost dead.
The gnoll hits you with a +0 club.
You die...
Your body crumbles into a pile of gold.

...%.+...........#
######.......[...#
#...........#
#...........#
#...........#
#...........#
###########g# #g#
#@# #.# #.# #.#
#####.# #<....#
#######


You could see 2 gnolls.

Vanquished Creatures
  A gnoll (D:2)
  An adder (D:2)
  2 dart slugs
  An orc (D:3)
  3 ball pythons (D:1)
  2 bats
  4 endoplasms
  3 giant cockroaches
  A hobgoblin (D:2)
  7 jackals
  3 quokkas
  3 frilled lizards (D:1)
  4 goblins
  A kobold (D:1)
  2 rats (D:1)
38 creatures vanquished.

Notes
Turn   | Place    | Note
-------+----------+-------------------------------------------
     0 | D:1      | GilGalad the Minotaur Fighter began the quest for the Orb.
     0 | D:1      | Reached XP level 1. HP: 19/19 MP: 0/0
     8 | D:1      | Found Nusecs's Book Shop.
    25 | D:1      | Found Rerram's General Store.
    54 | D:1      | Reached XP level 2. HP: 26/27 MP: 1/1
    73 | D:1      | Found Qeoklus's Antique Armour Boutique.
   321 | D:1      | Found Uddu Wik's Distillery.
   471 | D:1      | Found a transporter.
   473 | D:1      | Found Cunoucroff's Assorted Antiques.
   494 | D:1      | Found a transporter.
   761 | D:2      | Found an opulent altar of Gozag.
   773 | D:2      | Became a worshipper of Gozag Ym Sagoz the Greedy
   779 | D:2      | Reached XP level 3. HP: 31/33 MP: 2/2
  1439 | D:3      | Found a shimmering blue altar of Sif Muna.
  1497 | D:2      | HP: 1/33 [gnoll/+0 club (2)]
  1499 | D:2      | Slain by a gnoll

Illustrated notes

Levels and vault maps discovered:
D:1:      nzn_arrival_water_spiral, layout_basic, serial_shops,
          nicolae_shop_drivethru, shop, shop, nicolae_shop_waterfront, shop,
          roderic_cross_of_infinity
D:2:      layout_basic, basic_altar, minmay_statues_item
D:3:      layout_basic, marbit_many_paths, nicolae_kikubaaqudgha_miasma_corner

Skill      XL: |  1  2 |
---------------+-------+-----
Shields        | 4 |  4.3
Fighting       | 4 |  4.3
Armour         | 4 |  4.2
Axes           | 3 |  3.3

Action                     || total
---------------------------++-------
  Melee: War axe           ||    79
         Headbutt          ||     9
    Use: Potion            ||     1
 Armour: Scale mail        ||    53
  Dodge: Dodged            ||    33
  Block: Buckler           ||    21

Table legend: (Time is in decaauts)
 A = Elapsed time spent in this place.
 B = Non-inter-level travel time spent in this place.
 C = Inter-level travel time spent in this place.
 D = Time resting spent in this place.
 E = Time spent auto-exploring this place.
 F = Levels seen in this place.
 G = Mean time per level.
                   A        B        C        D        E       F      G
               +--------+--------+--------+--------+--------+-----+--------+
         Total |   1533 |   1499 |     34 |      0 |   1236 |   3 |  511.0 |
       Dungeon |   1533 |   1499 |     34 |      0 |   1236 |   3 |  511.0 |
               +--------+--------+--------+--------+--------+-----+--------+

Top non-repeatable levels by time:
     D:2: 702 daAuts
     D:1: 651 daAuts
     D:3: 179 daAuts
